 Dungeon Crawl Stone Soup version 0.30-a0-578-gdee14c521f (webtiles) character file.

Game seed: 2756288636619721984

7 gruber the Chiller (level 2, -12/19 HPs)
             Began as a Gnoll Ice Elementalist on Dec 31, 2022.
             Mangled by an ogre
             ... wielding a +0 giant spiked club
              (31 damage)
             ... on level 2 of the Dungeon.
             The game lasted 00:00:19 (875 turns).

gruber the Chiller (Gnoll Ice Elementalist)          Turns: 875, Time: 00:00:19

Health: -12/19     AC:  2    Str:  7    XL:     2   Next: 0%
Magic:  6/7        EV: 13    Int: 14    God:
Gold:   13         SH:  0    Dex: 12    Spells: 9/10 levels left

rFire   . . .      SeeInvis .    (no weapon)
rCold   . . .      Faith    .    (no shield)
rNeg    . . .      Spirit   .    a - +0 robe
rPois   .          Reflect  .    (no helmet)
rElec   .          Harm     .    (no cloak)
rCorr   .          Rampage  .    (no gloves)
Will    .....                    (no boots)
Stlth   ++                       (no amulet)
HPRegen 0.23/turn                (no ring)
MPRegen 0.10/turn                (no ring)

@: no status effects
A: fangs 1, strong nose, distributed training
a: no special abilities


You were on level 2 of the Dungeon.
You visited 1 branch of the dungeon, and saw 2 of its levels.

You collected 13 gold pieces.

Inventory:

Armour
 a - a +0 robe (worn)
Scrolls
 d - a scroll of teleportation {unknown}
Potions
 b - 2 potions of magic
 c - a potion of flight {unknown}


   Skills:
 + Level 0.2 Fighting
 + Level 0.2 Short Blades
 + Level 0.2 Long Blades
 + Level 0.2 Axes
 + Level 0.2 Maces & Flails
 + Level 0.2 Polearms
 + Level 0.2 Staves
 + Level 0.2 Ranged Weapons
 + Level 0.2 Throwing
 + Level 0.2 Armour
 + Level 4.4 Dodging
 + Level 4.0 Stealth
 + Level 0.2 Shields
 + Level 0.2 Unarmed Combat
 + Level 4.9 Spellcasting
 + Level 0.1 Conjurations
 + Level 0.1 Hexes
 + Level 0.1 Summonings
 + Level 0.1 Necromancy
 + Level 0.1 Translocations
 + Level 0.1 Transmutations
 + Level 0.1 Fire Magic
 + Level 7.0 Ice Magic
 + Level 0.1 Air Magic
 + Level 0.1 Earth Magic
 + Level 0.1 Poison Magic
 + Level 0.3 Invocations
 + Level 0.2 Evocations


You had 9 spell levels left.
You knew the following spells:

 Your Spells              Type           Power      Damage    Failure   Level
a - Freeze                Ice            92%        1d9       1%          1

Your spell library contained the following spells:

 Spells                   Type           Power      Damage    Failure   Level
 Frozen Ramparts          Ice            46%        1d7       3%          3
 Ozocubu's Armour         Ice            23%        N/A       3%          3
 Summon Ice Beast         Ice/Summ       13%        N/A       36%         4


Dungeon Overview and Level Annotations

Branches:
Dungeon (2/15)

Altars:

Annotations:
D:2 Terence


Innate Abilities, Weirdness & Mutations

You have very sharp teeth.
Your uncanny sense of smell can sniff out nearby items.
Your experience applies equally to all skills.


Message History

You have reached level 2!
d - a scroll labelled YTEKKU WORGHAWA
There is a stone staircase leading down here.
Key pressed, stopping explore.
Key pressed, stopping explore.
You enter the shallow water.
Moving in this stuff is going to be slow.
Done exploring.
Done exploring.
No target in view!
You can't see any susceptible monsters within range! (Use Z to cast anyway.) No target in view!
Done exploring.
You can't see any susceptible monsters within range! (Use Z to cast anyway.) Done exploring.
You can't see any susceptible monsters within range! (Use Z to cast anyway.) Done exploring.
You can't see any susceptible monsters within range! (Use Z to cast anyway.) Done exploring.
Done exploring.
(D) Dungeon
Where to? (? - help)
There is a stone staircase leading down here.
You climb downwards.
There is a stone staircase leading up here.
An ogre comes into view. It is wielding a +0 giant spiked club.
Found 13 gold pieces.
An ogre is nearby!
An ogre is nearby!
An ogre is nearby!
Found a ring mail.
The ogre shouts!
You hear a shout!
Terence the Incautious comes into view.
He is wielding a +0 trident.
Found a robe and an inky potion.
You freeze the ogre.
The ogre is lightly wounded.
A goblin comes into view. It is wielding a +0 dagger.
The ogre hits you with a +0 giant spiked club!!
Ouch! That really hurt!
You die...

... ...#### ..[..
....... ... .......
#.###### ......@
##.#.... .......
#.....### ∆
[...$.O##......<#
.......@.......##
...............##.#
g..$..............#
.......$......#####
!#.................
#.......#+########
#.......# #########


You could see an ogre, Terence and a goblin (wandering).

Vanquished Creatures
  A ball python (D:1)
  2 bats (D:1)
  A quokka (D:1)
  2 frilled lizards (D:1)
  A rat (D:1)
7 creatures vanquished.

Notes
Turn   | Place    | Note
-------+----------+-------------------------------------------
     0 | D:1      | gruber the Gnoll Ice Elementalist began the quest for the
                  | Orb.
     0 | D:1      | Reached XP level 1. HP: 13/13 MP: 6/6
   433 | D:1      | Found a faded altar of an unknown god.
   624 | D:1      | Reached XP level 2. HP: 19/19 MP: 5/7
   871 | D:2      | Noticed an ogre
   874 | D:2      | Noticed Terence
   875 | D:2      | Mangled by an ogre

Illustrated notes

Levels and vault maps discovered:
D:1:      lemuel_arrival_tunnels, layout_loops_ring,
          hellmonk_ecumenical_altar_blasted, minivault_26, serial_park_tiny_1,
          serial_bayou_ford_a
D:2:      layout_basic, basic_altar, uniq_robin, uniq_natasha, uniq_terence

Action                   || total
-------------------------++-------
Melee: Unarmed           ||     2
       Bite              ||     1
 Cast: Freeze            ||     8
Armor: Robe              ||     2
Dodge: Dodged            ||     5

Table legend: (Time is in decaauts)
 A = Elapsed time spent in this place.
 B = Non-inter-level travel time spent in this place.
 C = Inter-level travel time spent in this place.
 D = Time resting spent in this place.
 E = Time spent auto-exploring this place.
 F = Levels seen in this place.
 G = Mean time per level.
                   A        B        C        D        E       F      G
               +--------+--------+--------+--------+--------+-----+--------+
         Total |    883 |    865 |     18 |      0 |    799 |   2 |  441.5 |
       Dungeon |    883 |    865 |     18 |      0 |    799 |   2 |  441.5 |
               +--------+--------+--------+--------+--------+-----+--------+

Top non-repeatable levels by time:
     D:1: 873 daAuts
     D:2: 9 daAuts
